Map: Frozen Temple

Players

PtitDrogo - Winner!

  • Race: Protoss Protoss

Bunny

  • Race: Terran Terran

Event: 2016 WCS Summer Circuit Championship (DH Montreal)

VOD

Have the link to the VOD?

Description

Time

  • Played on: Aug. 12, 2016, 9:21 p.m.
  • Length: 10:55

All games in this series

Show
View Real Time Build Order
Export as new Build Order

PtitDrogo Protoss - Winner!

Build Orders: 1 Gate Expand, Blink Stalkers 

Get SALT Encoding   

  12  0:00  Probe (Chrono Boost)  
  13  0:11  Probe (Chrono Boost)  
  14  0:17  Pylon  
  14  0:22  Probe (Chrono Boost)  
  15  0:36  Probe (Chrono Boost), Gateway  
  16  0:46  Probe (Chrono Boost)  
  16  0:47  Assimilator  
  18  0:57  Probe (Chrono Boost)  
  18  1:07  Probe (Chrono Boost)  
  19  1:19  Nexus  
  19  1:23  Probe (Chrono Boost)  
  20  1:32  Cybernetics Core  
  20  1:36  Probe (Chrono Boost)  
  21  1:41  Assimilator  
  21  1:46  Probe (Chrono Boost)  
  22  1:51  Pylon  
  22  1:59  Probe (Chrono Boost)  
  23  2:10  Mothership Core (Chrono Boost)  
  23  2:13  Adept  
  27  2:21  Warp Gate  
  27  2:29  Probe (Chrono Boost)  
  28  2:31  Probe (Chrono Boost)  
  29  2:40  Probe (Chrono Boost)  
  29  2:44  Probe (Chrono Boost), Robotics Facility  
  31  2:47  Adept  
  31  2:50  Probe (Chrono Boost)  
  34  2:54  Probe (Chrono Boost)  
  35  3:01  Probe (Chrono Boost)  
  35  3:05  Probe (Chrono Boost)  
  37  3:07  Twilight Council  
  37  3:12  Probe (Chrono Boost)  
  38  3:13  Pylon  
  38  3:15  Probe (Chrono Boost)  
  39  3:22  Probe (Chrono Boost)  
  39  3:26  Probe (Chrono Boost)  
  41  3:32  Gateway  
  41  3:33  Blink, Observer, Gateway  
  42  3:34  Probe (Chrono Boost)  
  42  3:37  Probe (Chrono Boost)  
  44  3:46  Probe (Chrono Boost)  
  45  3:50  Probe (Chrono Boost)  
  45  3:58  Assimilator  
  45  4:01  Observer  
  45  4:02  Probe (Chrono Boost)  
  48  4:04  Probe (Chrono Boost)  
  48  4:14  Probe (Chrono Boost)  
  48  4:16  Probe (Chrono Boost), Nexus  
  50  4:18  Pylon  
  50  4:26  Stalker  
  50  4:28  Stalker  
  54  4:31  Pylon  
  54  4:36  Probe (Chrono Boost), Stalker  
  54  4:38  Probe (Chrono Boost), Pylon  
  58  4:41  Immortal  
  58  4:49  Stalker  
  64  4:54  Probe (Chrono Boost)  
  64  4:55  Probe (Chrono Boost)  
  64  4:59  Stalker  
  68  5:00  Stalker  
  70  5:13  Stalker  
  70  5:21  Warp Prism  
  70  5:26  Probe x2 (Chrono Boost)  
  74  5:29  Stalker x2  
  74  5:30  Probe (Chrono Boost)  
  69  5:38  Probe x2 (Chrono Boost)  
  69  5:42  Probe (Chrono Boost)  
  69  5:50  Probe (Chrono Boost)  
  69  5:51  Mothership Core (Chrono Boost)  
  69  5:53  Probe (Chrono Boost)  
  69  5:55  Forge  
  70  5:58  Sentry x2, Gateway x2  
  70  6:01  Gateway  
  70  6:02  Probe (Chrono Boost)  
  75  6:06  Probe (Chrono Boost)  
  77  6:11  Probe (Chrono Boost), Assimilator x2  
  77  6:12  Assimilator  
  77  6:14  Probe (Chrono Boost)  
  77  6:17  Probe (Chrono Boost)  
  79  6:19  Protoss Ground Weapons Level 1  
  79  6:21  Immortal  
  79  6:24  Pylon  
  81  6:26  Probe (Chrono Boost)  
  81  6:27  Probe (Chrono Boost)  
  81  6:30  Charge  
  81  6:31  Probe (Chrono Boost)  
  86  6:33  Pylon  
  86  6:39  Probe (Chrono Boost)  
  88  6:41  Probe (Chrono Boost)  
  88  6:42  Probe (Chrono Boost)  
  89  6:48  Gateway  
  89  6:49  Gateway  
  89  6:52  Probe (Chrono Boost)  
  90  6:55  Immortal  
  90  6:57  Pylon  
  90  6:58  Forge  
  96  7:01  Templar Archives  
  96  7:05  Zealot x3  
  96  7:07  Zealot  
  102  7:11  Zealot x2  
  105  7:25  Gateway  
  105  7:28  Gateway  
  105  7:30  Zealot x4  
  105  7:32  Stalker x2  
  105  7:35  Pylon  
  117  7:39  Pylon  
  111  7:54  Protoss Ground Armor Level 1  
  111  7:56  High Templar x4  
  111  7:57  Zealot x4  
  121  8:00  Archon x2  
  97  8:14  Protoss Ground Weapons Level 2  
  97  8:18  Zealot x4  
  97  8:26  Probe (Chrono Boost)  
  98  8:29  Immortal  
  98  8:32  Nexus  
  102  8:34  Pylon  
  102  8:39  Sentry  
  102  8:41  Zealot x5, High Templar x2  
  108  8:42  Zealot  
  108  8:45  Archon  
  108  8:47  Zealot  
  106  9:05  Zealot x2  
  106  9:06  Zealot x5  
  110  9:12  Zealot  
  113  9:18  Probe (Chrono Boost)  
  113  9:19  Zealot  
  113  9:20  Zealot  
  107  9:27  Zealot x6  
  115  9:45  Probe (Chrono Boost)  
  110  9:49  Probe (Chrono Boost), Stalker x2  
  110  9:50  Stalker x4  
  121  9:58  Probe (Chrono Boost)  
  122  10:01  Probe x2 (Chrono Boost)  
  122  10:02  Assimilator  
  122  10:03  Mothership Core (Chrono Boost), Assimilator  
  106  10:22  High Templar  
  106  10:23  High Templar x6  
  106  10:24  Zealot x3  
  106  10:28  Archon x3  
  131  10:37  Probe (Chrono Boost), Photon Cannon  
  131  10:40  Photon Cannon  
  131  10:45  High Templar  
Show
View Real Time Build Order
Export as new Build Order

Bunny Terran 

Build Orders: Reaper Expand, MMM Bio 

Get SALT Encoding   

  12  0:00  SCV  
  13  0:12  SCV  
  14  0:17  Supply Depot  
  14  0:24  SCV  
  15  0:38  SCV  
  15  0:41  Barracks  
  16  0:45  Refinery  
  16  0:50  SCV  
  17  1:03  SCV  
  18  1:15  SCV  
  19  1:28  Reaper, Orbital Command  
  20  1:40  Command Center  
  20  1:55  Barracks, SCV  
  20  2:00  Barracks Reactor  
  21  2:07  SCV  
  22  2:08  Supply Depot  
  22  2:14  Refinery  
  22  2:19  SCV  
  23  2:33  SCV, Factory  
  24  2:37  Marine x2  
  24  2:42  Barracks Tech Lab  
  26  2:46  SCV  
  27  2:53  Orbital Command  
  27  2:55  Marine x2  
  29  2:59  SCV  
  30  3:06  Stimpack  
  30  3:09  Marine  
  30  3:11  SCV  
  32  3:15  Marine  
  32  3:16  Supply Depot  
  32  3:18  Factory Tech Lab  
  33  3:21  SCV  
  33  3:24  SCV  
  35  3:30  Starport  
  35  3:33  SCV  
  36  3:36  Marine  
  36  3:37  SCV  
  36  3:38  Marine  
  36  3:40  Marine  
  40  3:46  SCV  
  41  3:54  Marine, SCV  
  41  3:55  Siege Tank  
  45  3:56  Marine  
  45  3:59  SCV  
  45  4:00  Supply Depot  
  47  4:04  Marine  
  47  4:06  SCV  
  47  4:08  Medivac  
  51  4:11  SCV  
  51  4:12  Marine  
  51  4:16  Supply Depot  
  51  4:17  Marine  
  53  4:21  SCV  
  53  4:23  SCV  
  56  4:27  Marine, Siege Tank  
  60  4:34  SCV  
  60  4:35  SCV  
  62  4:39  Supply Depot  
  62  4:40  Engineering Bay  
  62  4:42  Medivac, Marine  
  62  4:43  Marine  
  66  4:45  Marine  
  66  4:46  SCV  
  66  4:47  SCV  
  66  4:49  Refinery  
  69  4:58  SCV  
  69  4:59  Supply Depot  
  70  5:00  Marine, SCV  
  70  5:03  Siege Tank  
  75  5:09  Marine x2  
  75  5:10  SCV  
  75  5:13  SCV  
  70  5:22  SCV  
  70  5:26  SCV  
  70  5:27  Marine x2  
  71  5:31  Marine  
  71  5:34  SCV  
  68  5:38  SCV  
  65  5:44  Marine, Refinery  
  65  5:46  Siege Tank, SCV  
  65  5:47  Marine  
  65  5:48  Starport Reactor  
  65  5:49  Terran Infantry Weapons Level 1, Marine  
  72  5:50  SCV  
  72  5:55  Command Center  
  73  5:58  Combat Shields, Barracks, SCV  
  73  6:02  Marine  
  75  6:05  Marine  
  75  6:06  SCV  
  75  6:08  Marine  
  75  6:11  Supply Depot  
  78  6:17  SCV  
  80  6:18  SCV  
  80  6:20  Barracks, Marine  
  80  6:21  Barracks  
  80  6:23  Marine  
  80  6:24  Siege Tank  
  85  6:26  Marine  
  85  6:32  SCV  
  87  6:34  Supply Depot  
  87  6:35  Supply Depot  
  87  6:36  SCV  
  87  6:38  Marine, Medivac  
  91  6:41  Marine, Medivac  
  91  6:46  Supply Depot  
  94  6:51  Barracks Tech Lab  
  94  6:52  Supply Depot  
  94  6:55  Marine, SCV x2  
  94  6:56  Marine  
  94  6:59  Marine  
  99  7:07  SCV x2, Orbital Command  
  101  7:09  Barracks Tech Lab, Barracks Reactor  
  101  7:10  Marauder  
  101  7:13  Marine x2  
  105  7:17  Marine  
  105  7:19  SCV x2  
  108  7:29  Engineering Bay, Armory  
  108  7:31  SCV x2, Marine, Marauder x2  
  108  7:32  Concussive Shells, Marauder  
  108  7:34  Factory Reactor  
  108  7:35  Marine, SCV  
  119  7:44  SCV x2  
  118  7:47  SCV  
  118  7:48  Marine  
  118  7:49  Marine  
  117  7:52  Marine, Marauder  
  117  7:53  Marauder x2  
  117  7:56  SCV x2  
  117  7:57  Refinery  
  124  7:58  Refinery  
  124  7:59  Marine, SCV  
  125  8:08  SCV  
  125  8:10  Marine  
  120  8:14  Marauder x2  
  120  8:15  Marauder  
  119  8:22  Marine  
  119  8:24  Marine  
  119  8:25  Marine  
  119  8:26  Terran Infantry Weapons Level 2  
  116  8:28  Widow Mine, Marine  
  116  8:32  Barracks x2  
  119  8:35  Marauder x2  
  119  8:36  Marauder  
  119  8:38  SCV x2  
  119  8:39  Missile Turret, Marine  
  119  8:41  Widow Mine  
  129  8:50  Marine x2  
  129  8:53  SCV  
  132  8:57  Marine, Marauder x3  
  132  8:58  SCV  
  122  9:08  Marine  
  96  9:10  Marine x2  
  96  9:15  Marine  
  96  9:18  Marauder x2  
  96  9:19  Marauder  
  95  9:26  Marine  
  95  9:28  Marine x2  
  95  9:30  SCV  
  90  9:33  Marine  
  90  9:34  Marine x2  
  90  9:36  SCV  
  85  9:39  Marauder  
  85  9:40  Widow Mine, Marauder x2  
  85  9:41  Widow Mine  
  85  9:44  Marine  
  83  9:46  Marine  
  83  9:51  Marine  
  83  9:52  Marine  
  82  9:53  Marauder  
  82  9:58  Marine  
  74  10:01  Marauder x2  
  74  10:02  Marauder  
  74  10:03  Orbital Command  
  74  10:04  Marine  
  76  10:08  Marine  
  76  10:10  Marine  
  75  10:14  Marauder  
  75  10:16  Widow Mine, Marine  
  75  10:18  Widow Mine  
  79  10:21  Marine  
  79  10:22  Marine, Marauder x2  
  79  10:26  Marine  
  79  10:27  Marine  
  86  10:29  SCV  
  86  10:34  Marine  
Tags
 
Add a new tag
Caveats
  • Supply blocks, unpowered buildings, or Contaminate may cause inaccurate times.
  • Supply counts are checked every 10 seconds.